AoeStats
← guarnere44

Lombardia

509443727Analyzed
4v4 RM · 4d ago on Sep 26, 2026· 74m 14s· 8 players
Game mode
Random Map
Map size
Large (8 player)
Population
200
Speed
Normal
Resources
Standard
Victory
Conquest
Starting age
Dark Age
Ending age
Imperial Age
RankedLock teamsTeams togetherTeam positionsShared explorationLock speedFull tech treeHidden civsTurbo modeCheats
Victory
Defeat
1615
+12
🇫🇷 Persians · France
1585
+13
🇳🇱 Khmer · Netherlands
1457
+18
🇫🇷 Saracens · France
1436
+18
🇹🇷 Persians · Türkiye
1540
-17
🇹🇷 Magyars · Türkiye
1506
-15
🇹🇷 Italians · Türkiye
1504
-15
🇹🇷 Khmer · Türkiye
1487
-14
sinx
6:45 Loom
8:52 Feudal Age
9:47 Double-Bit Axe
12:58 Fletching
17:53 Padded Archer Armor
22:39 Castle Age
20:41 Horse Collar
21:43 Gold Mining
23:26 Bodkin Arrow
22:52 Crossbowman
24:41 Ballistics
25:53 Leather Archer Armor
26:38 Thumb Ring
29:22 Wheelbarrow
34:30 Imperial Age
33:01 Heavy Plow
32:54 Stone Mining
34:33 Arbalester
35:16 Bracer
36:18 Chemistry
36:42 Ring Archer Armor
36:09 Town Watch
37:05 Bow Saw
38:13 Conscription
42:34 Two-Man Saw
42:05 Crop Rotation
44:19 Stone Shaft Mining
43:54 Caravan
45:37 Elite Genoese Crossbowman
63:37 Squires
63:38 Scale Mail Armor
65:17 Chain Mail Armor
65:13 Forging
67:30 Plate Mail Armor
68:46 Iron Casting
68:59 Pikeman
69:25 Arson
70:41 Blast Furnace
ツfeodALİ
7:04 Loom
9:27 Feudal Age
10:26 Double-Bit Axe
11:38 Horse Collar
20:58 Castle Age
21:05 Wheelbarrow
20:48 Scale Barding Armor
23:15 Bow Saw
22:39 Man-at-Arms
29:15 Heavy Plow
29:07 Gold Mining
34:45 Imperial Age
32:38 Chain Barding Armor
32:28 Forging
32:40 Fletching
32:46 Fletching
33:09 Forging
33:00 Husbandry
33:28 Bloodlines
35:21 Iron Casting
35:43 Plate Barding Armor
34:43 Cavalier
36:33 Conscription
36:23 Savar
39:14 Blast Furnace
38:36 Caravan
39:54 Light Cavalry
40:53 Hussar
43:33 Heavy Camel Rider
46:11 Coinage
48:33 Banking
51:23 Two-Man Saw
50:54 Crop Rotation
52:41 Fletching
53:52 Hand Cart
53:22 Town Watch
53:29 Stone Mining
54:15 Gold Shaft Mining
55:53 Elite War Elephant
66:10 Capped Ram
67:53 Chemistry
67:09 Masonry
67:19 Siege Ram
70:45 Town Patrol
73:13 Stone Shaft Mining
Kataklysm
3:32 Loom
9:22 Feudal Age
9:56 Double-Bit Axe
21:31 Castle Age
19:21 Horse Collar
20:14 Bloodlines
20:34 Scale Barding Armor
21:07 Fletching
21:36 Gold Mining
22:51 Chain Barding Armor
22:41 Husbandry
23:43 Bow Saw
25:50 Wheelbarrow
27:53 Hand Cart
29:10 Town Watch
34:04 Stone Mining
34:06 Light Cavalry
39:36 Imperial Age
38:18 Caravan
39:40 Cavalier
39:42 Hussar
40:43 Corvinian Army
41:07 Conscription
42:03 Paladin
46:27 Plate Barding Armor
49:13 Elite Magyar Huszar
57:54 Capped Ram
62:11 Fletching
66:49 Heavy Plow
68:09 Bodkin Arrow
69:29 Ballistics
68:46 Elite Skirmisher
69:52 Thumb Ring
69:50 Bracer
70:39 Padded Archer Armor
71:42 Chemistry
72:46 Leather Archer Armor
DaRKN'
5:51 Loom
8:44 Feudal Age
9:29 Double-Bit Axe
10:23 Horse Collar
20:00 Castle Age
19:37 Bloodlines
19:33 Scale Barding Armor
19:38 Forging
19:21 Gold Mining
21:06 Chain Barding Armor
20:53 Husbandry
23:15 Bow Saw
23:07 Heavy Plow
28:16 Wheelbarrow
27:27 Town Watch
32:09 Imperial Age
29:06 Light Cavalry
30:30 Caravan
31:17 Gold Shaft Mining
32:27 Iron Casting
33:32 Plate Barding Armor
35:54 Blast Furnace
35:28 Hussar
37:58 Hand Cart
38:21 Cavalier
42:22 Stone Mining
44:26 Conscription
47:40 Crop Rotation
47:26 Elite Ballista Elephant
49:24 Double Crossbow
55:36 Chemistry
54:57 Ballistics
60:48 Fletching
62:52 Bodkin Arrow
63:14 Siege Engineers
65:47 Bracer
Hugo4774
11:16 Loom
13:06 Feudal Age
17:05 Castle Age
15:02 Double-Bit Axe
17:29 Town Watch
24:23 Horse Collar
25:25 Bow Saw
28:39 Wheelbarrow
29:14 Wheelbarrow
28:42 Heavy Plow
28:33 Gold Mining
29:08 Husbandry
30:37 Forging
30:38 Bloodlines
34:27 Imperial Age
33:12 Iron Casting
32:49 Caravan
33:39 Hand Cart
36:13 Blast Furnace
36:19 Two-Man Saw
36:08 Scale Mail Armor
36:15 Scale Barding Armor
36:33 Conscription
37:56 Town Patrol
37:18 Elite Mameluke
38:20 Chain Barding Armor
39:42 Gold Shaft Mining
40:06 Plate Barding Armor
39:22 Fletching
40:38 Scale Mail Armor
45:49 Chemistry
46:18 Coinage
49:37 Chain Mail Armor
49:22 Padded Archer Armor
49:47 Masonry
49:42 Siege Engineers
49:48 Fortified Wall
56:30 Counterweights
56:06 Onager
57:41 Ballistics
58:29 Bimaristan
58:29 Siege Onager
64:05 Sanctity
71:32 Devotion
71:46 Redemption
75:02 Banking
75:16 Plate Mail Armor
75:02 Leather Archer Armor
74:42 Bodkin Arrow
Sac a dos
4:45 Loom
10:42 Feudal Age
14:19 Castle Age
12:43 Double-Bit Axe
19:08 Fletching
21:40 Wheelbarrow
21:27 Bow Saw
21:06 Horse Collar
24:42 Hand Cart
25:54 Heavy Plow
26:14 Gold Mining
29:29 Imperial Age
27:51 Scale Barding Armor
27:56 Forging
28:36 Bloodlines
28:27 Husbandry
29:21 Chain Barding Armor
30:05 Iron Casting
31:24 Cavalier
33:45 Plate Barding Armor
34:11 Blast Furnace
34:35 Crop Rotation
36:11 Two-Man Saw
36:27 Town Watch
36:32 Savar
37:46 Conscription
38:48 Gold Shaft Mining
39:02 Caravan
40:09 Stone Mining
40:39 Bodkin Arrow
41:46 Chemistry
42:16 Town Patrol
45:47 Hoardings
45:35 Murder Holes
46:37 Padded Archer Armor
46:00 Light Cavalry
46:57 Kamandaran
47:03 Crossbowman
47:49 Thumb Ring
48:01 Leather Archer Armor
48:07 Ballistics
47:18 Hussar
49:16 Ring Archer Armor
58:45 Heavy Camel Rider
[AHOU] Ezio Auditore Da Firenze
6:41 Loom
9:36 Feudal Age
10:08 Double-Bit Axe
11:19 Fletching
19:27 Town Watch
20:17 Wheelbarrow
21:05 Horse Collar
23:59 Castle Age
24:03 Gold Mining
24:02 Crossbowman
24:47 Bodkin Arrow
25:05 Bow Saw
25:19 Stone Mining
26:16 Ballistics
38:25 Imperial Age
36:03 Padded Archer Armor
36:56 Coinage
36:49 Heavy Plow
37:36 Leather Archer Armor
37:32 Murder Holes
39:05 Hand Cart
38:27 Elite Composite Bowman
39:34 Bracer
41:39 Chemistry
41:51 Conscription
42:47 Town Patrol
43:25 Hoardings
45:46 Masonry
46:36 Guilds
46:56 Banking
46:27 Caravan
53:52 Sappers
60:11 Squires
59:57 Arson
59:34 Pikeman
62:59 Scale Mail Armor
63:09 Forging
63:57 Fortified Wall
64:20 Ring Archer Armor
64:05 Chain Mail Armor
66:23 Iron Casting
65:23 Halberdier
68:17 Man-at-Arms
68:43 Gambesons
69:57 Long Swordsman
71:49 Plate Mail Armor
72:19 Blast Furnace
70:56 Two-Handed Swordsman
71:42 Champion
72:31 Fereters
guarnere44
6:54 Loom
9:02 Feudal Age
11:20 Loom
12:07 Double-Bit Axe
21:03 Castle Age
19:32 Forging
22:15 Bow Saw
21:48 Horse Collar
25:40 Iron Casting
28:08 Fletching
31:04 Bloodlines
31:28 Bodkin Arrow
39:32 Imperial Age
37:40 Wheelbarrow
37:37 Heavy Plow
38:04 Gold Mining
38:04 Stone Mining
38:52 Scale Barding Armor
39:32 Husbandry
40:39 Chain Barding Armor
40:51 Ballistics
42:14 Cavalier
44:22 Plate Barding Armor
43:47 Bracer
43:28 Light Cavalry
45:28 Elite Ballista Elephant
46:10 Tusk Swords
50:04 Hand Cart
49:28 Hussar
54:11 Chemistry
56:00 Caravan
57:14 Crop Rotation
56:31 Town Watch
58:44 Blast Furnace
64:21 Double Crossbow
65:06 Heavy Scorpion
Connection lost

Rejoining the realm…

Still unreachable

The connection could not be restored.

Session expired

The server has moved on; the page needs a fresh start.